 Dungeon Crawl Stone Soup version 0.28-a0-620-g539b0f7ac7 (webtiles) character file.

Game seed: 14978373240391526138

2496 ytrimaz the Ducker (level 9, -1/93 HPs)
             Began as an Ogre Monk on Oct 6, 2021.
             Was a Priest of Cheibriados.
             Slain by Erica (6 damage)
             ... on level 8 of the Dungeon.
             The game lasted 00:11:27 (8131 turns).

ytrimaz the Ducker (Ogre Monk)                      Turns: 8131, Time: 00:11:28

Health: -1/93      AC:  8    Str: 27    XL:     9   Next: 52%
Magic:  9/9        EV: 14    Int: 18    God:    Cheibriados [***...]
Gold:   441        SH:  5    Dex: 18    Spells: 8/8 levels left

rFire   . . .      SeeInvis +   r - +0 giant club (spect)
rCold   . . .      Faith    .   (shield currently unavailable)
rNeg    . . .      Spirit   .   b - +1 robe
rPois   .          Reflect  +   (helmet restricted)
rElec   .          Harm     .   (no cloak)
rCorr   .          Rampage  .   (gloves unavailable)
Will    .....      Clarity  +   (boots unavailable)
Stlth   ++........              h - amulet of reflection
HPRegen 1.25/turn               c - +4 ring of protection
MPRegen 0.11/turn               i - ring of see invisible

@: lethally poisoned (-1 -> -3), slowed, very slow
A: large, unfitting armour, tough skin 1, clarity, regeneration 1
a: Renounce Religion, Bend Time, Temporal Distortion


You were on level 8 of the Dungeon.
You worshipped Cheibriados.
Cheibriados was most pleased with you.
You visited 2 branches of the dungeon, and saw 9 of its levels.

You collected 441 gold pieces.

Inventory:

Hand Weapons
 a - a +0 hand axe of venom
 r - a +0 spectral giant club (weapon)
Armour
 b - a +1 robe (worn)
Jewellery
 c - a +4 ring of protection (left hand)
 d - a ring of fire
 h - an amulet of reflection (around neck)
 i - a ring of see invisible (right hand)
 m - a ring of willpower
 n - a ring of protection from cold
 q - a ring of ice
Wands
 u - a wand of mindburst (15)
 v - a wand of flame (24)
 x - a wand of charming (7)
Scrolls
 e - 3 scrolls of identify
 f - a scroll of holy word {unknown}
 k - 2 scrolls of teleportation
 l - a scroll of enchant armour
 o - 3 scrolls of vulnerability
 t - a scroll of fog
 y - a scroll of noise {unknown}
Potions
 g - 3 potions of cancellation
 j - a potion of mutation
 p - a potion of haste
 s - a potion of lignification {unknown}
 w - 2 potions of brilliance {unknown}
 z - a potion of ambrosia {unknown}
 A - 2 potions of curing {unknown}
 B - a potion of degeneration {unknown}


   Skills:
 + Level 7.3 Fighting
 - Level 5.2(6.7) Axes
 * Level 5.7(6.6) Maces & Flails
 * Level 7.9 Dodging
 - Level 1.4 Stealth
 + Level 2.6 Shields


You had 8 spell levels left.
You didn't know any spells.
Your spell library contained the following spells:

 Spells                   Type           Power      Damage    Failure   Level
 Ozocubu's Armour         Ice            0%         N/A       54%         3
 Metabolic Englaciation   Hex/Ice        0%         N/A       99%         5
 Simulacrum               Ice/Necr       0%         N/A       100%        6


Dungeon Overview and Level Annotations

Branches:
Dungeon (8/15)             Temple (1/1) D:7
   Lair: D:8-11

Altars:
Ashenzari
Cheibriados
Dithmenos
Elyvilon
Fedhas
Gozag
Hepliaklqana
Kikubaaqudgha
Makhleb
Nemelex Xobeh
Okawaru
Qazlal
Ru
Sif Muna
Trog
Uskayaw
Vehumet
Wu Jian
Yredelemnul
Zin
The Shining One

Shops:
D:4 ?*

Annotations:
D:6 3 runed translucent doors, bande's ghost, novice GrFi
D:8 Erica


Innate Abilities, Weirdness & Mutations

You are too large for most types of armour.
You have tough skin. (AC +1)
You possess an exceptional clarity of mind.
Your natural rate of healing is unusually fast.


Message History

Erica casts a spell at you. The bolt of poison misses you.
Erica casts a spell at you. You resist with some effort.
You bludgeon Erica!!
Erica is severely wounded.
Erica barely misses you.
Erica says, "Fast and perfect.
Such is my way of killing."
Erica misses you.
You barely miss Erica.
Erica is severely wounded.
Erica hits you with a +3 scimitar of flaming!
Erica burns you. Erica gestures at you while chanting.
The bolt of poison hits you!!
You are poisoned.
You closely miss Erica.
Erica is severely wounded.
You feel very sick.
Erica points at you and mumbles some strange words.
The bolt of poison hits you!!
You are more poisoned.
Erica gestures wildly while chanting.
Erica flickers and vanishes for a moment.
You closely miss Erica.
Erica is severely wounded.
You feel very sick. Erica gestures at you while chanting.
You resist with some effort.
Erica points at you and mumbles some strange words.
You resist with some effort.
You barely miss Erica.
Erica is severely wounded.
You feel very sick.
Erica hits you with a +3 scimitar of flaming!
* * * LOW HITPOINT WARNING * * *
Erica burns you!
* * * LOW HITPOINT WARNING * * *
Erica hits you with a +3 scimitar of flaming.
You die...

#.........+.........'.....
##.#...####.........####..
#.##.## ##.......## ##.
#.#### ##.....## ## #.#
##...## #.# ##+## #.# #.#
########## #.# #...@@...#
#.# #.######.... ##.###.#
. #...##.######.
#.............
#...##.######. ######.#
#.# #..


You could see Erica (invisible).

Vanquished Creatures
  A wraith (D:8)
  A water moccasin (D:7)
  4 ice beasts
  An orc warrior (D:7)
  A necrophage (D:6)
  2 centaurs
  A phantom (D:6)
  2 ogres (D:5)
  2 kobold brigands
  2 scorpions
  A water moccasin skeleton (D:6)
  3 howler monkeys
  A centaur zombie (D:7)
  4 hounds
  A bullfrog zombie (D:7)
  A jelly (D:6)
  5 orc priests
  2 iguanas (D:5)
  3 centaur skeletons
  6 orc wizards
  A killer bee zombie (D:7)
  A hound zombie (D:5)
  6 adders
  A howler monkey skeleton (D:4)
  2 shadow imps (D:7)
  A white imp (D:6)
  2 ufetubi (D:5)
  A worm (D:3)
  16 orcs
  9 ball pythons
  9 bats
  An endoplasm (D:3)
  4 giant cockroaches (D:1)
  12 goblins
  6 hobgoblins
  3 jackals (D:1)
  16 kobolds
  4 quokkas
  2 frilled lizards
  8 rats
149 creatures vanquished.

Notes
Turn   | Place    | Note
-------+----------+-------------------------------------------
     0 | D:1      | ytrimaz the Ogre Monk began the quest for the Orb.
     0 | D:1      | Reached XP level 1. HP: 24/24 MP: 1/1
   235 | D:1      | Reached XP level 2. HP: 32/32 MP: 2/2
   790 | D:1      | Reached XP level 3. HP: 39/40 MP: 3/3
  1106 | D:1      | Found a faded altar of an unknown god.
  1559 | D:2      | Reached XP level 4. HP: 42/49 MP: 4/4
  1742 | D:2      | Found an ancient bone altar of Kikubaaqudgha.
  2969 | D:4      | Reached XP level 5. HP: 55/55 MP: 5/5
  3192 | D:4      | Found Wunweifa's Lightly-Used Armoury.
  3196 | D:4      | Found Liaxe's Magic Scroll Emporium.
  3524 | D:4      | Reached skill level 5 in Fighting
  3524 | D:4      | Reached XP level 6. HP: 60/66 MP: 6/6
  3632 | D:5      | Entered Level 5 of the Dungeon
  3819 | D:5      | Reached skill level 5 in Axes
  3819 | D:5      | Reached skill level 1 in Shields
  3969 | D:5      | Reached skill level 5 in Dodging
  3969 | D:5      | Reached XP level 7. HP: 55/72 MP: 7/7
  5014 | D:5      | Reached skill level 1 in Maces & Flails
  5251 | D:5      | HP: 2/72 [ogre (9)]
  6037 | D:6      | Found a runed translucent gate.
  6037 | D:6      | Found a runed translucent gate.
  6038 | D:6      | Found a runed translucent gate.
  6040 | D:6      | Noticed bande's ghost (novice GrFi)
  6092 | D:6      | Gained mutation: You possess an exceptional clarity of
                  | mind. [potion of mutation]
  6092 | D:6      | Gained mutation: Your natural rate of healing is unusually
                  | fast. [potion of mutation]
  6120 | D:6      | Reached XP level 8. HP: 51/83 MP: 8/8
  7107 | D:7      | Found a staircase to the Ecumenical Temple.
  7124 | Temple   | Entered the Ecumenical Temple
  7276 | Temple   | Became a worshipper of Cheibriados the Contemplative
  7276 | Temple   | Reached * piety under Cheibriados
  7276 | Temple   | Reached ** piety under Cheibriados
  7397 | D:7      | Reached XP level 9. HP: 71/92 MP: 9/9
  7766 | D:7      | Reached skill level 5 in Maces & Flails
  7855 | D:7      | Found a white marble altar of Elyvilon.
  7926 | D:7      | Reached *** piety under Cheibriados
  8122 | D:8      | Noticed Erica
  8131 | D:8      | Slain by Erica

Illustrated notes

Levels and vault maps discovered:
D:1:      minmay_arrival_wavy_path, layout_loops_corners,
          dilly_ecumenical_altar_fadedgnrine, minmay_unequal
D:2:      layout_loops_ring, basic_altar
D:3:      layout_basic, minmay_misc_feat_more_columns,
          hangedman_abyss_or_decor_stabs, minivault_5, chequers_mini_garden
D:4:      layout_cave_pods, serial_shops, shop, minmay_shop_damaged
D:5:      layout_basic, kennysheep_potato
D:6:      gammafunk_ghost_necromancy, layout_rooms, minmay_door_square,
          palyth_stone_intersect, minmay_misc_feat_rugged
D:7:      layout_loops_ring, kennysheep_mini, minmay_temple_entry_waves
D:8:      layout_loops_corners, uniq_erica
Temple:   regret_index_temple_chain_breaker

Skill      XL: |  1  2  3  4  5  6  7  8  9 |
---------------+----------------------------+-----
Dodging        | 3 4 5 7 |  7.9
Axes           | 4 5 |  5.2
Fighting       | 5 6 7 |  7.3
Shields        | 1 2 |  2.6
Maces & Flails | 3 4 5 |  5.7
Stealth        | |  1.4

Action                   |  1- 3 |  4- 6 |  7- 9 || total
-------------------------+-------+-------+-------++-------
Melee: Hand axe          |   111 |   155 |   158 ||   424
       Giant club        |       |       |   135 ||   135
  Use: Scroll            |       |     4 |     3 ||     7
       Potion            |       |       |     8 ||     8
 Stab: Sleeping          |     1 |     5 |       ||     6
       Invisible         |       |       |     2 ||     2
Armor: Robe              |    67 |    64 |   137 ||   268
Dodge: Dodged            |    70 |    62 |   196 ||   328
Block: Other             |     6 |    34 |    79 ||   119
       Reflection        |       |       |     2 ||     2

Table legend: (Time is in decaauts)
 A = Elapsed time spent in this place.
 B = Non-inter-level travel time spent in this place.
 C = Inter-level travel time spent in this place.
 D = Time resting spent in this place.
 E = Time spent auto-exploring this place.
 F = Levels seen in this place.
 G = Mean time per level.
                   A        B        C        D        E       F      G
               +--------+--------+--------+--------+--------+-----+--------+
         Total |   8567 |   8274 |    293 |   1464 |   5114 |   9 |  951.9 |
       Dungeon |   8397 |   8120 |    277 |   1464 |   5005 |   8 | 1049.6 |
        Temple |    169 |    153 |     16 |      0 |    109 |   1 |  169.0 |
               +--------+--------+--------+--------+--------+-----+--------+

Top non-repeatable levels by time:
     D:5: 1667 daAuts
     D:4: 1584 daAuts
     D:1: 1159 daAuts
     D:7: 1134 daAuts
     D:6: 943 daAuts
     D:3: 861 daAuts
     D:2: 818 daAuts
     D:8: 228 daAuts
  Temple: 169 daAuts
